 Dungeon Crawl Stone Soup version 0.29.1-2-gbd0b4ee654 (webtiles) character file.

Game seed: 18131620842516120293

79 mortz the Magician (level 4, -1/34 HPs)
             Began as a Djinni Fire Elementalist on Nov 24, 2022.
             Killed from afar by a white imp (7 damage)
             ... with a puff of frost
             ... summoned by Natasha
             ... on level 2 of the Dungeon.
             The game lasted 00:08:30 (2169 turns).

mortz the Magician (Djinni Fire Elementalist)       Turns: 2169, Time: 00:08:32

Health: -1/34      AC:  2    Str:  7    XL:     4   Next: 64%
Gold:   122        EV: 12    Int: 18    God:
                   SH:  0    Dex: 14

rFire   + + .      SeeInvis .   a - +0 falchion
rCold   x . .      Faith    .   (no shield)
rNeg    . . .      Spirit   .   e - +0 robe
rPois   ∞          Reflect  .   (no helmet)
rElec   .          Harm     .   (no cloak)
rCorr   .          Rampage  .   (no gloves)
Will    .....                   (boots unavailable)
Stlth   ++........              (no amulet)
HPRegen 0.11/turn               (no ring)
MPRegen 0.00/turn               (no ring)

@: flying
A: sickness immunity, fire resistance 2, cold vulnerability 1, float, innate
caster, HP casting, extra vitality 1
a: no special abilities


You were on level 2 of the Dungeon.
You visited 1 branch of the dungeon, and saw 2 of its levels.

You collected 122 gold pieces.

Inventory:

Hand Weapons
 a - a +0 falchion (weapon)
 b - a +0 hand axe
 c - a +0 short sword
 d - a +0 spear
 i - a +2 dagger of draining
 m - a +0 mace
Missiles
 j - 3 poisoned darts
Armour
 e - a +0 robe (worn)
 n - a +0 tower shield
 p - a +0 scale mail
Scrolls
 f - a scroll of immolation {unknown}
 g - a scroll of poison {unknown}
 h - 2 scrolls of teleportation {unknown}
 k - a scroll of enchant weapon {unknown}
 l - a scroll of fear {unknown}
 o - a scroll of enchant armour {unknown}
 s - a scroll of identify {unknown}
Potions
 q - a potion of ambrosia {unknown}
 r - a potion of might {unknown}
 t - a potion of lignification {unknown}


   Skills:
 * Level 2.6 Fighting
 - Level 2.1 Dodging
 - Level 1.5 Stealth
 * Level 3.2 Spellcasting


You couldn't memorise any spells.
You knew the following spells:

 Your Spells              Type           Power      Damage    Failure   Level
a - Foxfire               Conj/Fire      56%        2x1d6     4%          1
b - Scorch                Fire           28%        2d6       6%          2
c - Conjure Flame         Conj/Fire      14%        6-21      13%         3
d - Inner Flame           Hex/Fire       14%        N/A       13%         3
e - Flame Wave            Conj/Fire      14%        2d6       38%         4
f - Beastly Appendage     Tmut           28%        N/A       4%          1
Your spell library was empty.

Dungeon Overview and Level Annotations

Branches:
Dungeon (2/15) Zot: 9823

Altars:

Annotations:
D:2 Natasha


Innate Abilities, Weirdness & Mutations

You are immune to sickness and miasma.
You are immune to poison.
Your flesh is very heat resistant. (rF++)
You are vulnerable to cold. (rC-)
You float through the air rather than walking.
You learn spells naturally, not from books.
Your magical power is your life essence.
You have superior vitality. (+4 MHP)


Message History

You see here a frilled lizard corpse.
An endoplasm comes into view.
Found 10 gold pieces.
You conjure some foxfire!
The foxfire hits the endoplasm.
The endoplasm is severely wounded.
The endoplasm quivers.
The foxfire hits the endoplasm.
You kill the endoplasm!
You now have 122 gold pieces (gained 10).
t - a lumpy inky potion Natasha, Servant of Life and Death comes into view.
Natasha hisses angrily.
Natasha claws you.
Natasha casts a spell.
You conjure some foxfire!
The foxfire hits Natasha.
Natasha is moderately wounded.
The white imp closely misses you.
You closely miss Natasha.
Natasha is moderately wounded.
The foxfire hits Natasha but does no damage.
Natasha is moderately wounded.
The white imp misses you.
You barely miss Natasha.
Natasha is moderately wounded.
Natasha mumbles some strange words.
The white imp misses you. Natasha claws you!
You barely miss Natasha.
Natasha is moderately wounded.
The white imp gestures at you. The puff of frost hits you!
You feel a terrible chill! Natasha casts a spell at you.
You resist with some effort.
You closely miss Natasha.
Natasha is moderately wounded.
Natasha claws you!
* * * LOW HITPOINT WARNING * * *
The white imp gestures at you. The puff of frost hits you!
You feel a terrible chill!
You die...

#.# #.## #.#
#.#
####.#######
#.#
#...........
###
#.##.#######
# #.# # #5#
#.##5#
#..h@#
#.##.# # ###


You could see Natasha and 2 white imps.

Vanquished Creatures
  Terence (D:2)
  A worm (D:2)
  2 dart slugs
  A bat (D:2)
  5 endoplasms
  5 hobgoblins
  2 jackals (D:2)
  6 kobolds (D:1)
  6 quokkas
  3 ball pythons
  2 frilled lizards
  6 goblins
  A rat (D:1)
41 creatures vanquished.

Vanquished Creatures (others)
  98 foxfires
98 creatures vanquished.

Grand Total: 139 creatures vanquished

Notes
Turn   | Place    | Note
-------+----------+-------------------------------------------
     0 | D:1      | mortz the Djinni Fire Elementalist began the quest for the
                  | Orb.
     0 | D:1      | mortz set off with the following spells memorised: Foxfire,
                  | Scorch, Conjure Flame, Inner Flame, Flame Wave.
     0 | D:1      | Reached XP level 1. HP: 15/15 MP: 0/0
   157 | D:1      | Reached skill level 1 in Fighting
   157 | D:1      | Reached XP level 2. HP: 18/22 MP: 0/0
   539 | D:1      | Reached XP level 3. HP: 24/27 MP: 0/0
   539 | D:1      | Learned a level 1 spell: Beastly Appendage
  1402 | D:2      | Noticed Terence
  1711 | D:2      | Reached skill level 3 in Spellcasting
  1807 | D:2      | Killed Terence
  1808 | D:2      | Reached XP level 4. HP: 18/34 MP: 0/0
  2162 | D:2      | Noticed Natasha
  2169 | D:2      | Killed from afar by a white imp

Illustrated notes

Levels and vault maps discovered:
D:1:      minmay_arrival_nine_rooms, layout_basic, roderic_roman_lattice,
          grunt_decor_mini_mirrors, chequers_hall_statues_y
D:2:      layout_basic, minmay_fountain_box, serial_park_tiny_1, uniq_natasha,
          uniq_terence

Skill      XL: |  1  2  3 |
---------------+----------+-----
Fighting       | 1 2 |  2.6
Spellcasting   | 3 |  3.2
Dodging        | |  2.1
Stealth        | |  1.5

Action                   |  1- 3 |  4- 6 || total
-------------------------+-------+-------++-------
Melee: Unarmed           |     1 |       ||     1
       Falchion          |    19 |     6 ||    25
 Cast: Foxfire           |    46 |    11 ||    57
       Scorch            |     4 |       ||     4
 Stab: Sleeping          |     1 |       ||     1
Armor: Robe              |     3 |     1 ||     4
Dodge: Dodged            |    13 |     3 ||    16
